 Dungeon Crawl Stone Soup version 0.20-a0-1122-gb7cbeb9 (webtiles) character file.

65426 JiminyMac the Warrior (level 14, -5/140 HPs)
             Began as a Minotaur Berserker on May 9, 2017.
             Was a High Priest of Trog.
             Killed by divine providence
             ... invoked by an orc priest
              (13 damage)
             ... on level 2 of the Orcish Mines on May 13, 2017.
             The game lasted 01:48:37 (22819 turns).

JiminyMac the Warrior (Minotaur Berserker)         Turns: 22819, Time: 01:48:41

Health: -5/140     AC: 24    Str: 29      XL:     14   Next: 75%
Magic:  13/13      EV: 10    Int:  0 (4)  God:    Trog [*****.]
Gold:   1149       SH:  0    Dex: 12      Spells: 13/13 levels left

rFire    + . .     SeeInvis .   L - +5 battleaxe (elec)
rCold    . . .     Gourm    .   (shield currently unavailable)
rNeg     . . .     Faith    .   B - +1 chain mail of the Pure Wars {+Blink rElec rC+}
rPois    .         Spirit   .   (helmet restricted)
rElec    +         Reflect  .   A - scarf {repulsion}
rCorr    .         Harm     .   k - +1 pair of gloves
MR       +++..                  n - +0 pair of boots
Stlth    ..........             (no amulet)
Regen    1.4/turn               Y - +5 ring of protection
MPRegen  0.2/turn               e - ring of Pimopt {Fire Str+4 Slay+3}

@: regenerating, slowed, lost intelligence, drained, repel missiles, very slow
A: retaliatory headbutt, horns 2
a: Berserk, Trog's Hand, Brothers in Arms, Burn Spellbooks, Renounce Religion,
Evoke Blink


You were on level 2 of the Orcish Mines.
You worshipped Trog.
Trog was extremely pleased with you.
You were near starving.

You visited 3 branches of the dungeon, and saw 19 of its levels.
You visited 1 bazaar.
You also visited: Ossuary.

You collected 1815 gold pieces.
You spent 666 gold pieces at shops.

Inventory:

Hand Weapons
 C - a +6 antimagic broad axe
 L - a +5 battleaxe of electrocution (weapon)
Armour
 k - a +1 pair of gloves (worn)
 n - a +0 pair of boots (worn)
 A - a scarf of repulsion (worn)
 B - the +1 chain mail of the Pure Wars (worn) {+Blink rElec rC+}
   (You found it on level 10 of the Dungeon)

   It protects you from cold.
   It insulates you from electricity.
   It lets you blink.
 K - a +2 cloak
 V - the +5 scale mail of Dishonour {Slay+2}
   (You found it on level 5 of the Lair of Beasts)

   It affects your accuracy and damage with ranged weapons and melee attacks
   (+2).
Jewellery
 e - the ring of Pimopt (right hand) {Fire Str+4 Slay+3}
   (You bought it in a shop in a bazaar)

   [ring of fire]

   It enhances your fire magic.
   It affects your strength (+4).
   It affects your accuracy and damage with ranged weapons and melee attacks
   (+3).
   It protects you from fire.
   It makes you vulnerable to cold.
 m - an uncursed ring of ice
 G - a +4 ring of evasion
 M - a +4 ring of dexterity
 N - an uncursed ring of protection from magic
 Y - a +5 ring of protection (left hand)
Wands
 l - a wand of iceblast (6/15)
 p - a wand of acid (3/15)
 x - a wand of flame (34/48)
 z - a wand of acid (7/15)
 D - a wand of flame (39/48)
 J - a wand of paralysis (22/24)
 Q - a wand of paralysis (18/24)
 U - a wand of disintegration (11/24)
 W - a wand of disintegration (11/24)
 X - a wand of lightning (2/15)
Scrolls
 d - a scroll of fear
 g - 5 scrolls of remove curse
 h - 3 scrolls of identify
 o - 7 scrolls of magic mapping
 q - 4 scrolls of recharging
 r - a scroll of blinking
 t - a scroll of summoning
 u - 3 scrolls of enchant armour
 y - 7 scrolls of teleportation
 F - a scroll of fog
 H - 2 scrolls of enchant weapon
 S - 2 scrolls of brand weapon
Potions
 a - 4 potions of might
 b - 4 potions of haste
 c - 2 potions of heal wounds
 j - a potion of agility
 s - 4 potions of mutation
 w - 11 potions of curing
 E - a potion of resistance
 P - 2 potions of flight
Books
 R - a book of Minor Magic

   Spells                             Type                      Level
   a - Magic Dart                     Conjuration                  1
   b - Blink                          Translocation                2
   c - Call Imp                       Summoning                    2
   d - Slow                           Hexes                        2
   e - Conjure Flame                  Conjuration/Fire             3
   f - Mephitic Cloud                 Conjuration/Poison/Air       3
   Trog disapproves of the use of such an item.
Miscellaneous
 O - a lightning rod (4/4)
 T - a sack of spiders
 Z - a phial of floods
Comestibles
 i - 10 meat rations
 v - 14 royal jellies
 I - 31 fruits


   Skills:
 + Level 17.4(16.9) Fighting
 + Level 17.3(16.8) Axes
 + Level 17.3(16.8) Armour
 - Level 2.1(1.8) Dodging


You had 13 spell levels left.
You didn't know any spells.

Dungeon Overview and Level Annotations

Branches:
Dungeon (11/15)            Temple (0/1) D:6            Lair (6/6) D:9
 Shoals (0/4) Lair:3        Snake (0/4) Lair:3        Slime (0/5) Lair:6
    Orc (2/2) D:9             Elf (0/3) Orc:2

Altars:
Ashenzari
Cheibriados
Dithmenos
Fedhas
Kikubaaqudgha
Makhleb
Nemelex Xobeh
Ru
Trog
Xom
Zin
Jiyva

Shops:
Orc:2 [:

Annotations:
D:5 exclusion: oklob plant
Lair:2 exclusion: oklob plant
Lair:4 exclusion: oklob plant
Orc:2 Erolcha, Snorg


Innate Abilities, Weirdness & Mutations

You reflexively headbutt those who attack you in melee.
You have a pair of horns on your head.


Message History

Erolcha mumbles some strange words.
Erolcha flickers and vanishes!
Your deep troll goes berserk!
You feel somewhat more hungry.
The smoke demon disappears in a puff of smoke!
The orc knight hits you with a great mace!!
* * * LOW HITPOINT WARNING * * *
The orc high priest calls down the wrath of Beogh upon you.
Beogh smites you!
* * * LOW HITPOINT WARNING * * *
The neqoxec gestures.
The orc knight barely misses you.
You fail to use your ability.
The orc knight no longer looks unusually strong.
The orc high priest mumbles some strange prayers to Beogh against you.
Beogh smites you!
* * * LOW HITPOINT WARNING * * *
The orc priest mumbles some strange prayers to Beogh against you.
Beogh smites you!
You die...

.................###
#.
................##
## ................#
...............##
#######{########
######.######
#...........#
...####T####... ##
#@# #. #o# #. #o# ##
#3# #.


#3.ooooo# ### #...oooo..# #.. #....54o.o..# ### .o............. #
.##.........##. You could see 3 orc knights, an orc high priest, a neqoxec, a
chaos spawn, 3 orc warriors, an orc priest, an orc wizard, an ufetubus and a
friendly deep troll (berserk).

Vanquished Creatures
  The ghost of AlphabetPasta the Prestidigitator, a journeyman GnAr of Ashenzari (D:11)
  2 fire dragons
  The ghost of Sergey the Grappler, a journeyman TrMo (Lair:4)
  A yaktaur captain (D:9)
  A centaur warrior (D:9)
  9 death yaks
  7 two-headed ogres
  2 orc high priests (Orc:2)
  A spriggan (Lair:2)
  A deep elf knight (D:9)
  An unseen horror (D:9)
  Pikel (D:8)
  A lindwurm (Lair:6)
  2 orc knights
  3 orc sorcerers
  A cyclops (D:9)
  8 elephants
  6 black mambas
  Maurice (D:9)
  2 molten gargoyles (Lair:6)
  15 spiny frogs
  A rime drake (Lair:2)
  7 komodo dragons
  An efreet (D:9)
  4 trolls
  A meliai (D:9)
  Grinder (D:4)
  A polar bear (Lair:2)
  2 hornets
  10 blink frogs
  7 dream sheep (Lair:6)
  6 hippogriffs
  A slime creature (Lair:6)
  7 wyverns
  51 yaks
  A vampire (D:9)
  2 steam dragons
  5 basilisks
  Grum (D:9)
  A vampire mosquito (D:9)
  A hungry ghost (D:7)
  4 wargs
  2 nagas (Lair:3)
  2 hell hounds (Lair:6)
  An acid dragon (D:9)
  10 water moccasins
  4 porcupines
  3 ice beasts
  An eye of draining (D:11)
  13 orc warriors
  3 sky beasts
  3 necrophages
  10 ogres
  3 centaurs
  33 wolves
  8 crocodiles
  A big kobold (D:11)
  16 bullfrogs
  3 water moccasin zombies (Ossuary)
  A wyvern skeleton (D:6)
  The ghost of Coolking1122 the Cutter, a weakling DrBe of Trog (D:3)
  7 scorpions
  8 wights
  5 killer bees (D:7)
  An electric eel (Lair:5)
  2 howler monkeys
  4 crimson imps
  2 centaur zombies
  5 lava snakes
  A bullfrog zombie (D:5)
  Crazy Yiuf (D:6)
  A hound (D:7)
  13 orc priests
  2 centaur skeletons (D:4)
  3 bullfrog skeletons
  3 jellies (D:9)
  An iguana (D:8)
  13 orc wizards
  3 worker ants
  2 big kobold zombies (Ossuary)
  2 hound skeletons
  3 mummies
  A worker ant zombie (D:6)
  12 gnolls
  10 adders
  6 shadow imps
  7 oozes
  4 adder zombies (Ossuary)
  2 adder skeletons
  4 worms (D:2)
  A dart slug (D:1)
  5 leopard geckos
  64 orcs
  13 bats
  6 giant cockroaches
  4 goblins
  8 hobgoblins
  9 jackals
  9 quokkas
  3 frilled lizards
  3 gnoll zombies (Ossuary)
  5 hobgoblin zombies
  18 kobolds
  6 kobold zombies (Ossuary)
  A leopard gecko skeleton (D:8)
  2 leopard gecko zombies
  11 orc zombies
  2 quokka zombies
  7 rats
  3 fungi
  5 plants
613 creatures vanquished.

Vanquished Creatures (collateral kills)
  A very ugly thing (D:9)
  Nessos (Lair:6)
  A stone giant (D:9)
  5 hydras
  A black mamba (Lair:2)
  A komodo dragon (Lair:6)
  A basilisk (Lair:6)
  2 hell hounds (Lair:6)
  5 wolves (Lair:2)
  A lava snake (Lair:6)
19 creatures vanquished.

Vanquished Creatures (others)
  An orc warrior (Orc:2)
  A slave (D:8)
  An ogre (Orc:2)
  A bullfrog (D:8)
  2 orc priests (Orc:2)
  A jelly (D:9)
  2 orcs (Orc:2)
  5 fungi
  4 plants
18 creatures vanquished.

Grand Total: 650 creatures vanquished

Notes
Turn   | Place    | Note
-------+----------+-------------------------------------------
     0 | D:1      | JiminyMac the Minotaur Berserker began the quest for the Orb.
     0 | D:1      | Reached XP level 1. HP: 19/19 MP: 0/0
   197 | D:1      | Reached XP level 2. HP: 26/27 MP: 1/1
   804 | D:2      | Reached XP level 3. HP: 30/33 MP: 2/2
  1052 | D:2      | Reached ** piety under Trog
  1331 | D:2      | Reached XP level 4. HP: 41/41 MP: 3/3
  1485 | D:2      | Found a glowing silver altar of Zin.
  1938 | D:3      | Found a shimmering altar of Xom.
  1948 | D:3      | Reached skill level 5 in Fighting
  1948 | D:3      | Reached skill level 5 in Axes
  1976 | D:3      | Reached XP level 5. HP: 39/48 MP: 4/4
  2066 | D:3      | Noticed Coolking1122's ghost (weakling DrBe)
  2080 | D:3      | Killed Coolking1122's ghost
  2184 | D:3      | Reached *** piety under Trog
  2190 | D:3      | Noticed a sky beast
  2203 | D:3      | Killed a sky beast
  2203 | D:3      | Reached XP level 6. HP: 22/56 MP: 5/5
  2811 | D:4      | Found a sacrificial altar of Ru.
  2896 | D:4      | Got a brightly glowing chain mail
  2907 | D:4      | Identified the +1 chain mail "Leorroej" {-Cast rN+++ Str-2 Stlth+} (You found it on level 4 of the Dungeon)
  2930 | D:4      | Reached skill level 5 in Armour
  3191 | D:4      | Found a shattered altar of Ashenzari.
  3273 | D:4      | Noticed Grinder
  3284 | D:4      | Killed Grinder
  3284 | D:4      | Reached XP level 7. HP: 64/64 MP: 6/6
  3341 | D:4      | Found a sparkling altar of Nemelex Xobeh.
  3357 | D:4      | You fall through a shaft for 2 floors!
  3404 | D:6      | Found an ancient bone altar of Kikubaaqudgha.
  3449 | D:6      | Got a translucent hunting sling
  3450 | D:6      | Identified the +5 hunting sling "Yveefuc" {velocity, rPois Int+3} (You found it on level 6 of the Dungeon)
  3527 | D:6      | Found a sand-covered staircase.
  3539 | Ossuary  | Entered an ossuary
  3547 | Ossuary  | Reached **** piety under Trog
  3706 | Ossuary  | Reached XP level 8. HP: 68/73 MP: 7/7
  3823 | D:6      | Found a staircase to the Ecumenical Temple.
  3845 | D:6      | Found a runed door.
  3849 | D:6      | Noticed Crazy Yiuf
  3853 | D:6      | Killed Crazy Yiuf
  3921 | D:6      | You fall through a shaft for 2 floors!
  3987 | D:8      | Found a glowing silver altar of Zin.
  4248 | D:7      | Reached ***** piety under Trog
  4716 | D:6      | Reached XP level 9. HP: 82/82 MP: 8/8
  5227 | D:5      | Entered Level 5 of the Dungeon
  5574 | D:5      | Found a blossoming altar of Fedhas.
  5587 | D:5      | Noticed an oklob plant
  5838 | D:5      | Found a shadowy altar of Dithmenos.
  6628 | D:7      | Reached skill level 10 in Axes
  7167 | D:8      | Reached skill level 10 in Fighting
  7242 | D:8      | Noticed a two-headed ogre
  7249 | D:8      | Killed a two-headed ogre
  7249 | D:8      | Reached skill level 10 in Armour
  7249 | D:8      | Reached XP level 10. HP: 62/94 MP: 9/9
  7483 | D:8      | Noticed a two-headed ogre
  7490 | D:8      | Killed a two-headed ogre
  7523 | D:8      | Noticed Pikel
  7536 | D:8      | Killed Pikel
  7635 | D:8      | Found a snail-covered altar of Cheibriados.
  7992 | D:9      | Found a staircase to the Orcish Mines.
  8016 | D:9      | Received a gift from Trog
  8225 | D:9      | Noticed Maurice
  8236 | D:9      | Killed Maurice
  8439 | D:9      | Reached XP level 11. HP: 104/104 MP: 3/10
  8609 | D:9      | Found a staircase to the Lair.
  8717 | D:9      | Noticed a centaur warrior
  8728 | D:9      | Killed a centaur warrior
  8729 | D:9      | Killed an unseen horror
  8796 | D:9      | Noticed a two-headed ogre
  8802 | D:9      | Killed a two-headed ogre
  9062 | D:9      | Noticed a seven-headed hydra
  9069 | D:9      | Noticed a yaktaur captain
  9075 | D:9      | Killed a seven-headed hydra
  9087 | D:9      | Killed a yaktaur captain
  9093 | D:9      | Noticed Grum
  9096 | D:9      | Killed Grum
  9139 | D:9      | Found a burning altar of Makhleb.
  9157 | D:9      | Noticed a fire dragon
  9157 | D:9      | Noticed a six-headed hydra
  9157 | D:9      | Noticed a stone giant
  9157 | D:9      | Noticed a white very ugly thing
  9163 | D:9      | Killed a white very ugly thing
  9166 | D:9      | Killed a stone giant
  9169 | D:9      | Killed a seven-headed hydra
  9170 | D:9      | Noticed a deep elf knight
  9178 | D:9      | Killed a deep elf knight
  9186 | D:9      | Killed a fire dragon
  9228 | D:9      | Got a scorched hand axe
  9246 | D:9      | Identified the +3 hand axe of Expedience {holy, Str+3} (You found it on level 9 of the Dungeon)
  9567 | D:9      | Reached XP level 12. HP: 115/115 MP: 3/11
  9646 | D:10     | Entered Level 10 of the Dungeon
 10003 | D:10     | Noticed a two-headed ogre
 10007 | D:10     | Killed a two-headed ogre
 10031 | D:10     | Got a smoking chain mail
 10042 | D:10     | Identified the cursed +1 chain mail of the Pure Wars {+Blink rElec rC+} (You found it on level 10 of the Dungeon)
 10080 | D:10     | Noticed a two-headed ogre
 10084 | D:10     | Killed a two-headed ogre
 10578 | D:11     | Noticed AlphabetPasta's ghost (journeyman GnAr)
 10593 | D:11     | Killed AlphabetPasta's ghost
 10910 | D:11     | Noticed a two-headed ogre
 10914 | D:11     | Killed a two-headed ogre
 10929 | D:11     | Noticed a two-headed ogre
 10936 | D:11     | Killed a two-headed ogre
 11155 | D:11     | Paralysed by a hornet for 1 turns
 11614 | Lair:1   | Entered Level 1 of the Lair of Beasts
 11879 | Lair:1   | Received a gift from Trog
 12437 | Lair:1   | You fall through a shaft!
 12458 | Lair:2   | Reached ****** piety under Trog
 12464 | Lair:2   | Reached skill level 15 in Axes
 12470 | Lair:2   | Reached skill level 15 in Fighting
 12472 | Lair:2   | Reached XP level 13. HP: 126/126 MP: 4/12
 12692 | Lair:2   | Reached skill level 15 in Armour
 12831 | Lair:2   | You fall through a shaft for 2 floors!
 12883 | Lair:4   | Noticed Sergey's ghost (journeyman TrMo)
 12917 | Lair:4   | Killed Sergey's ghost
 13230 | Lair:3   | Found a staircase to the Shoals.
 14003 | Lair:2   | Upgraded the game from 0.20-a0-1117-g62da73f to 0.20-a0-1122-gb7cbeb9
 14381 | Lair:2   | Received a gift from Trog
 15015 | Lair:3   | Found a staircase to the Snake Pit.
 16425 | Lair:5   | Got a pitted scale mail
 16426 | Lair:5   | Identified the +5 scale mail of Dishonour {Slay+2} (You found it on level 5 of the Lair of Beasts)
 17957 | Lair:6   | Entered Level 6 of the Lair of Beasts
 18511 | Lair:6   | Reached XP level 14. HP: 138/138 MP: 4/13
 19142 | Lair:6   | Received a gift from Trog
 19252 | Lair:6   | Noticed Nessos
 19275 | Lair:6   | Killed Nessos
 20159 | Lair:6   | Found a large runed door.
 20161 | Lair:6   | Found a large runed door.
 20426 | Lair:6   | Found a staircase to the Slime Pits.
 20427 | Lair:6   | Found a viscous altar of Jiyva.
 20840 | Orc:1    | Entered Level 1 of the Orcish Mines
 20930 | Orc:1    | Found a bloodstained altar of Trog.
 20991 | Orc:1    | Received a gift from Trog
 20996 | Orc:1    | Got a crystal quick blade {god gift}
 20997 | Orc:1    | Identified the +7 quick blade of Taghang {drain, *Drain Str+3 Dex+2} (Trog gifted it to you on level 1 of the Orcish Mines)
 21288 | Orc:2    | Entered Level 2 of the Orcish Mines
 21288 | Orc:2    | Found a staircase to the Elven Halls.
 22397 | Orc:2    | Found a gateway to a bazaar.
 22433 | Bazaar   | Entered a bazaar
 22433 | Bazaar   | Found Zuziudyd's General Store.
 22520 | Bazaar   | Bought a scroll of identify for 28 gold pieces
 22523 | Bazaar   | Found Hitralumo's Antique Weapon Boutique.
 22535 | Bazaar   | Found Ryeneyja's Distillery.
 22543 | Bazaar   | Bought 2 potions of heal wounds for 70 gold pieces
 22543 | Bazaar   | Bought a potion of haste for 70 gold pieces
 22543 | Bazaar   | Bought a potion of curing for 21 gold pieces
 22548 | Bazaar   | Found Zoiza's Antique Armour Emporium.
 22561 | Bazaar   | Found Uguavvi's Jewellery Shop.
 22707 | Bazaar   | Bought the ring of Pimopt {Fire Str+4 Slay+3} for 477 gold pieces
 22797 | Orc:2    | Found Emeaziq's Book Emporium.
 22797 | Orc:2    | Found Axte's Armour Emporium.
 22797 | Orc:2    | Noticed Snorg
 22811 | Orc:2    | Lost intelligence.
 22817 | Orc:2    | Noticed Erolcha
 22819 | Orc:2    | Killed from afar by an orc priest

Vault maps used:
D:1:      minmay_arrival_four_houses
D:2:      kennysheep_six_static_rooms, zin_scriptorium, grunt_ministairs_1,
          minmay_tall_x
D:3:      lemuel_round_altar
D:4:      old_standard_altar, evilmike_ruin_ashenzari, nemelex_altar_shiori,
          first_bread, uniq_grinder
D:5:      kennysheep_little_box, tgw_fedhas
D:6:      kiku_gazebo_garden_becter, minmay_temple_entry_overgrown,
          nicolae_ossuary_entry_giza, hangedman_decor_lopped,
          uniq_crazy_yiuf_cottage
D:8:      marbit_many_paths, basic_altar, uniq_pikel
D:9:      minmay_the_grid_triangle_9x9_line_8, david_lair_shrubbed,
          hiddenorc2_lemuel, hangedman_little_slice_of_home, uniq_grum,
          uniq_maurice
Lair:1:   serial_bayou_shore_b
Lair:2:   grunt_forest_large_clearings, minmay_lair_oklob_chamber,
          lemuel_fruit_tree
Lair:3:   shoals_dummy_entry, minmay_snake_entry_guardpost_medium,
          infiniplex_staircase_pool
Lair:4:   grunt_megastairs_3
Lair:5:   statuecave_lemuel, serial_bayou_pond_b, beast_lair_carwin_3,
          grunt_megastairs_1, serial_bayou_shore_b
Lair:6:   cheibrodos_lair_end_hotspot, slime_altar_1, uniq_nessos
Orc:1:    bloody_trog
Orc:2:    st_orc_elflike, serial_shops, freezing_bzr, uniq_snorg, uniq_erolcha
Bazaar:   bazaar_lake
Ossuary:  ossuary_tomb_2

Skill      XL: |  1  2  3  4  5  6  7  8  9 10 11 12 13 14 |
---------------+-------------------------------------------+-----
Axes           | 4 5 6 7 9 10 12 13 15 16 17 | 17.3
Fighting       | 4 5 6 7 8 10 11 13 15 16 17 | 17.4
Armour         | 3 4 5 6 8 10 11 13 14 16 17 | 17.3
Dodging        | |  2.1

Action                   |  1- 3 |  4- 6 |  7- 9 | 10-12 | 13-15 || total
-------------------------+-------+-------+-------+-------+-------++-------
Melee: Hand axe          |    84 |   117 |       |       |       ||   201
       Headbutt          |    15 |    15 |    54 |   102 |    98 ||   284
       War axe           |       |    16 |   310 |       |       ||   326
       Battleaxe         |       |       |    20 |    74 |   160 ||   254
       Broad axe         |       |       |       |   374 |   334 ||   708
Invok: Berserk           |       |     6 |     4 |    15 |    13 ||    38
       Brothers in Arms  |       |       |       |     4 |     6 ||    10
       Burn Spellbooks   |       |       |       |       |     4 ||     4
       Trog's Hand       |       |       |       |       |     4 ||     4
 Abil: Evoke Blink       |       |       |       |       |     1 ||     1
  Use: Scroll            |       |     2 |     3 |    21 |    10 ||    36
       Potion            |       |       |       |     1 |     3 ||     4
  Eat: Chunk             |     1 |    11 |    11 |    23 |    29 ||    75
       Bread ration      |       |       |     2 |     2 |     4 ||     8
Armor: Animal skin       |     6 |       |       |       |       ||     6
       Ring mail         |    15 |    30 |       |       |       ||    45
       Chain mail        |       |    27 |   163 |   242 |   206 ||   638
Dodge: Dodged            |    64 |    90 |   132 |   186 |   250 ||   722
       Deflected         |       |       |       |     4 |    13 ||    17
